 Dungeon Crawl Stone Soup version 0.31-a0-620-gd1cbd99268 (webtiles) character file.

Game seed: 3529757183571146562

45 GordonOverkill the Sneak (level 3, -3/21 HPs)
             Began as a Vine Stalker Delver on Aug 23, 2023.
             Slain by an iguana (10 damage)
             ... on level 5 of the Dungeon.
             The game lasted 00:02:20 (357 turns).

GordonOverkill the Sneak (Vine Stalker Delver)       Turns: 357, Time: 00:02:20

Health: -3/21      AC:  3    Str: 14    XL:     3   Next: 64%
Magic:  0/4        EV: 16    Int: 12    God:
Gold:   96         SH:  0    Dex: 15    Spells: 2/2 levels left

rFire   . . .        a - +0 short sword
rCold   . . .        (no shield)
rNeg    . . .        b - +0 leather armour
rPois   .            (no helmet)
rElec   .            (no cloak)
rCorr   .            (no gloves)
SInv    .            (no boots)
Will    .....        (no amulet)
Stlth   +++          n - +5 ring of evasion
HPRegen 0.23/turn    (no ring)
MPRegen 0.09/turn

%: guardian spirit
@: hasted, very quick
A: fangs 2, magic shield, antimagic bite, no potion heal 2
a: no special abilities


You were on level 5 of the Dungeon.
You visited 1 branch of the dungeon, and saw 3 of its levels.

You collected 96 gold pieces.

Inventory:

Hand Weapons
 a - a +0 short sword (weapon)
Armour
 b - a +0 leather armour (worn)
Jewellery
 n - a +5 ring of evasion (left hand)
Wands
 g - a wand of digging (3)
 m - a wand of charming (10)
Scrolls
 c - a scroll of fog
 d - a scroll of revelation
 e - a scroll of fear
 j - a scroll of poison {unknown}
Potions
 h - a potion of enlightenment {unknown}
 i - 2 potions of curing {unknown}
 k - a potion of berserk rage {unknown}
 l - a potion of brilliance {unknown}


   Skills:
 + Level 4.1 Fighting
 - Level 1.7 Short Blades
 - Level 1.5 Dodging
 - Level 6.0 Stealth
 + Level 0.0 Evocations


You had 2 spell levels left.
You didn't know any spells.
Your spell library was empty.

Dungeon Overview and Level Annotations

Branches:
Dungeon (6/15)
 Temple: D:4-7

Altars:
Sif Muna
Uskayaw


Innate Abilities, Weirdness & Mutations

You have extremely sharp teeth.
When hurt, damage is shared between your health and your magic reserves.
Your bite disrupts and absorbs the magic of your enemies.
Potions cannot restore your health.


Message History

Found 18 gold pieces.
You now have 86 gold pieces (gained 18).
Found 5 stones.
You now have 96 gold pieces (gained 10).
An iguana comes into view.
Found a stone staircase leading down.
The iguana hisses angrily.
You completely miss the iguana. Your bite misses the iguana.
The iguana bites you!
You are too injured to fight recklessly!
You are too injured to fight recklessly!
Okay, then.
You closely miss the iguana. Your bite misses the iguana.
The iguana closely misses you.
You hit the iguana but do no damage. You bite the iguana, but do no damage.
The iguana barely misses you.
You hit the iguana.
The iguana is lightly wounded.
The iguana bites you.
* * * LOW HITPOINT WARNING * * *
You barely miss the iguana.
The iguana is lightly wounded.
The iguana bites you.
* * * LOW HITPOINT WARNING * * *
You hit the iguana.
The iguana is lightly wounded.
The iguana misses you.
You feel yourself speed up. The iguana barely misses you.
You hit the iguana. Your bite misses the iguana.
The iguana is moderately wounded.
You hit the iguana but do no damage.
The iguana is moderately wounded.
The iguana bites you.
* * * LOW HITPOINT WARNING * * *
You hit the iguana. Your bite misses the iguana.
The iguana is heavily wounded.
You hit the iguana but do no damage.
The iguana is heavily wounded.
The iguana bites you!
You die...

####### .>....#
#..... #....
.... #.. #l# #@#
#.# #.#
#.########
#.##.....#
##.##.###.#####
#.....# #.....##
###.######.##..#
##...##...##.#


You could see an iguana.

Vanquished Creatures
  A hound (D:5)
  An adder (D:4)
  A dart slug (D:4)
  A quokka (D:4)
4 creatures vanquished.

Notes
Turn   | Place    | Note
-------+----------+-------------------------------------------
     0 | D:5      | GordonOverkill the Vine Stalker Delver began the quest for
                  | the Orb.
     0 | D:5      | Reached XP level 1. HP: 11/11 MP: 2/2
    92 | D:6      | Noticed an iguana
   113 | D:4      | Found a shimmering blue altar of Sif Muna.
   132 | D:4      | Reached XP level 2. HP: 13/16 MP: 1/3
   158 | D:5      | Found a hide-covered altar of Uskayaw.
   171 | D:5      | Reached XP level 3. HP: 14/21 MP: 2/4
   357 | D:5      | Slain by an iguana

Illustrated notes

Levels and vault maps discovered:
D:4:      layout_cave_pools, kiku_gazebo_garden_becter,
          nicolae_sif_muna_condensation, enter_ossuary_5, minmay_vboxes
D:5:      layout_basic, mainiacjoe_overflow_cross_hatched,
          minmay_temple_entry_overgrown, moated_statue,
          chequers_serial_rivers_large_a, amcnicky_mini_pool_small,
          minmay_strange_pillars, kennysheep_potato
D:6:      layout_gridville, lemuel_round_altar, yredelemnul_altar_generic,
          grunt_decor_resistance, uniq_crazy_yiuf_cottage

Skill      XL: |  1  2 |
---------------+-------+-----
Fighting       | 3 4 |  4.1
Short Blades   | |  1.7
Dodging        | |  1.5
Stealth        | |  6.0

Action                     || total
---------------------------++-------
  Melee: Short sword       ||    23
         Bite              ||     5
    Use: Potion            ||     1
   Stab: Sleeping          ||     2
 Armour: Leather armour    ||     5
  Dodge: Dodged            ||     8

Table legend: (Time is in decaauts)
 A = Elapsed time spent in this place.
 B = Non-inter-level travel time spent in this place.
 C = Inter-level travel time spent in this place.
 D = Time resting spent in this place.
 E = Time spent auto-exploring this place.
 F = Levels seen in this place.
 G = Mean time per level.
                   A        B        C        D        E       F      G
               +--------+--------+--------+--------+--------+-----+--------+
         Total |    353 |    335 |     18 |     20 |      0 |   3 |  117.7 |
       Dungeon |    353 |    335 |     18 |     20 |      0 |   3 |  117.7 |
               +--------+--------+--------+--------+--------+-----+--------+

Top non-repeatable levels by time:
     D:5: 212 daAuts
     D:6: 97 daAuts
     D:4: 43 daAuts
